Map: Catalyseur EC

Players

Mäkus

  • Race: Protoss Protoss
  • League: Platinum
  • Spawn Location: 11:00

HoldTheDoor - Winner!

  • Race: Protoss Protoss
  • League: Diamond
  • Spawn Location: 5:00

VOD

Have the link to the VOD?

Description

Time

  • Played on: July 15, 2018, 1:03 p.m.
  • Length: 3:27
Show
View Real Time Build Order
Export as new Build Order

Mäkus Protoss 

Build Orders:  

Get SALT Encoding   

Show
View Real Time Build Order
Export as new Build Order

HoldTheDoor Protoss - Winner!

Build Orders: Cannon Rush 

Get SALT Encoding   

  12  0:00  Probe  
  13  0:13  Probe  
  14  0:18  Pylon  
  14  0:25  Probe  
  15  0:36  Probe  
  15  0:37  Forge  
  16  0:44  Probe  
  17  0:59  Pylon  
  17  1:00  Probe  
  18  1:12  Probe  
  19  1:22  Pylon  
  19  1:25  Photon Cannon  
  19  1:30  Photon Cannon  
  19  1:33  Probe  
  20  1:41  Photon Cannon  
  20  1:45  Probe  
  21  1:57  Probe  
  21  1:58  Pylon  
  22  2:07  Photon Cannon  
  22  2:08  Pylon  
  22  2:09  Probe  
  23  2:31  Photon Cannon  
  23  2:32  Photon Cannon  
  23  2:34  Photon Cannon  
  23  2:49  Assimilator, Photon Cannon  
  23  2:54  Gateway  
  23  3:01  Assimilator  
  23  3:13  Pylon  
Tags
 
Add a new tag
Caveats
  • Supply blocks, unpowered buildings, or Contaminate may cause inaccurate times.
  • Supply counts are checked every 10 seconds.